 Dungeon Crawl Stone Soup version 0.30-a0-1094-g860fb061e7 (webtiles) character file.

Game seed: 5772741128979446459

448006 Zeldest the Marksoctopus (level 24, -1/153 HPs)
             Began as an Octopode Hexslinger on Apr 17, 2023.
             Was the Champion of Hepliaklqana.
             Slain by an azure jelly (6 damage)
             ... on level 1 of the Pits of Slime.
             The game lasted 04:01:27 (61403 turns).

Zeldest the Marksoctopus (Octopode Hexslinger)     Turns: 61403, Time: 04:01:28

Health: -1/153     AC:  7    Str:  8    XL:     24   Next: 24%
Magic:  39/50      EV: 18    Int: 33    God:    Hepliaklqana [******]
Gold:   2375       SH:  9    Dex: 23    Spells: 2/51 levels left

rFire   + + +      SeeInvis +    b - +7 sceptre of Torment {pain, torment}
rCold   + + +      Faith    .    m - +3 warlock's mirror {omnireflect}
rNeg    . . .      Spirit   .    C - +2 hat
rPois   +          Reflect  +    d - amulet of Vomefuf {RegenMP rF+}
rElec   +          Rampage  .    Z - ring of Wegoicom {rElec rC+ AC+4 Str+3 Stlth-}
rCorr   +                        D - ring of the Ageless Stars {Drain rPois rF+ rC+ Int+6 Dex+3}
Will    +++++                    L - ring of Xom's Delight {rF+ Will+++ rCorr}
Stlth   +++                      y - ring "Qimom" {rPois rC+ SInv}
HPRegen 0.45/turn                G - ring of wizardry
MPRegen 0.72/turn                e - ring "Vuj Epto" {rF+ rC+ Int+2}
                                 q - ring "Enkiozee" {rC+ Will++ MP+9}
                                 J - ring of Qusigar {+Blink rC+ rCorr Str-4 Dex+6}

@: hasted, studying Stealth, very quick
A: reduced essence, almost no armour, amphibious, 8 rings, camouflage 1,
gelatinous body 1, (nimble swimmer 1), tentacles
}: 2/15 runes: serpentine, barnacled
a: Renounce Religion, Evoke Blink, Recall Ancestor, Ancestor Identity,
Transference, Idealise


You were on level 1 of the Pits of Slime.
You worshipped Hepliaklqana.
Hepliaklqana was exalted by your worship.
You visited 9 branches of the dungeon, and saw 46 of its levels.
You also visited: Ice Cave.

You collected 6839 gold pieces.
You spent 4464 gold pieces at shops.

Inventory:

Hand Weapons
 a - a +7 hand crossbow of freezing
 b - the +7 sceptre of Torment (weapon) {pain, torment}
   (You found it on level 11 of the Dungeon)
 S - a +3 demon blade of freezing
Armour
 m - the +3 warlock's mirror (worn) {omnireflect}
   (You found it on level 2 of the Orcish Mines)

   Omnireflect: It can block and reflect piercing ranged attacks and magical
   attacks against the wielder's willpower.
 C - a +2 hat (worn)
Jewellery
 d - the amulet of Vomefuf (around mantle) {RegenMP rF+}
   (You found it on level 3 of the Elven Halls)

   [amulet of magic regeneration]

   It increases your rate of magic regeneration.
   rF:        It protects you from fire.
 e - the ring "Vuj Epto" (on tentacle) {rF+ rC+ Int+2}
   (You bought it in a shop on level 1 of the Shoals)

   [ring of protection from fire]

   Int:       It affects your intelligence (+2).
   rF:        It protects you from fire.
   rC:        It protects you from cold.
 q - the ring "Enkiozee" (on tentacle) {rC+ Will++ MP+9}
   (You bought it in a shop on level 1 of the Shoals)

   [ring of protection from cold]

   rC:        It protects you from cold.
   MP:        It affects your magic capacity (+9).
   Will:      It greatly increases your willpower.
 y - the ring "Qimom" (on tentacle) {rPois rC+ SInv}
   (You found it on level 3 of the Elven Halls)

   [ring of see invisible]

   rC:        It protects you from cold.
   rPois:     It protects you from poison.
   SInv:      It lets you see invisible.
 D - the ring of the Ageless Stars (right tentacle) {Drain rPois rF+ rC+ Int+6 Dex+3}
   (You found it on level 3 of the Elven Halls)

   [ring of intelligence]

   Int:       It affects your intelligence (+6).
   Dex:       It affects your dexterity (+3).
   rF:        It protects you from fire.
   rC:        It protects you from cold.
   rPois:     It protects you from poison.
   Drain:     It drains your maximum health when unequipped.
 G - a ring of wizardry (on tentacle)
 J - the ring of Qusigar (on tentacle) {+Blink rC+ rCorr Str-4 Dex+6}
   (You found it on level 3 of the Elven Halls)

   [ring of protection from cold]

   Str:       It affects your strength (-4).
   Dex:       It affects your dexterity (+6).
   rC:        It protects you from cold.
   +Blink:    It lets you blink.
   rCorr:     It protects you from acid and corrosion.
 K - a +4 ring of slaying
 L - the ring of Xom's Delight (on tentacle) {rF+ Will+++ rCorr}
   (You found it on level 3 of the Elven Halls)

   [ring of resist corrosion]

   rF:        It protects you from fire.
   rCorr:     It protects you from acid and corrosion.
   Will:      It greatly increases your willpower.
 O - the amulet of the Air {Inacc Air Fly rElec RMsl}
   (You took it off a vault warden on level 4 of the Vaults)

   [amulet of nothing]

   Inacc:     It reduces the accuracy of your attacks and spells.
   Air:       It enhances your air magic.
   rElec:     It insulates you from electricity.
   Fly:       It grants you flight.
   RMsl:      It protects you from missiles.
 Z - the ring of Wegoicom (left tentacle) {rElec rC+ AC+4 Str+3 Stlth-}
   (You bought it in a shop on level 1 of the Shoals)

   [ring of protection]

   AC:        It affects your AC (+4).
   Str:       It affects your strength (+3).
   rC:        It protects you from cold.
   rElec:     It insulates you from electricity.
   Stlth:     It makes you less stealthy.
Wands
 s - a wand of digging (11)
 u - a wand of charming (58)
 v - a wand of iceblast (57)
 M - a wand of light (15)
Scrolls
 c - a scroll of brand weapon
 f - 9 scrolls of immolation
 g - 20 scrolls of teleportation
 h - 8 scrolls of enchant armour
 k - 2 scrolls of butterflies
 p - 10 scrolls of fog
 w - 6 scrolls of magic mapping
 A - 14 scrolls of fear
 B - 14 scrolls of vulnerability
 P - 7 scrolls of poison
 Y - 4 scrolls of silence
Potions
 l - 6 potions of brilliance
 n - 6 potions of mutation
 o - 13 potions of curing
 r - a potion of berserk rage
 t - 6 potions of flight
 x - 6 potions of attraction
 z - 3 potions of ambrosia
 E - 4 potions of invisibility
 F - 4 potions of haste
 H - 3 potions of resistance
 I - 8 potions of heal wounds
 N - 13 potions of might
 R - 4 potions of cancellation
 T - a potion of lignification
 V - 2 potions of magic
Miscellaneous
 j - a lightning rod (4/4)
 U - a condenser vane (inert)


   Skills:
 - Level 15.8 Fighting
 - Level 12.9 Maces & Flails
 - Level 18.0 Ranged Weapons
 + Level 7.4 Dodging
 - Level 5.0 Stealth
 - Level 5.0 Shields
 - Level 14.0 Spellcasting
 - Level 9.1 Conjurations
 - Level 7.2 Hexes
 - Level 12.8 Summonings
 - Level 16.1 Necromancy
 - Level 4.0 Translocations
 - Level 6.0 Transmutations
 - Level 5.0 Fire Magic
 - Level 10.3 Earth Magic
 - Level 15.0 Invocations
 - Level 5.0 Evocations


You had 2 spell levels left.
You knew the following spells:

 Your Spells              Type           Power      Damage    Failure   Level
a - Haunt                 Necr/Summ      43%        N/A       2%          7
b - Iron Shot             Conj/Erth      36%        9d7       2%          6
c - Borgnjor's Vile Clut  Necr/Erth      42%        N/A       1%          5
d - Summon Mana Viper     Hex/Summ       73%        N/A       1%          5
e - Inner Flame           Hex/Fire       59%        N/A       1%          3
f - Infestation           Necr           46%        N/A       9%          8
g - Statue Form           Tmut/Erth      44%        N/A       5%          6
h - Spellforged Servitor  Conj/Summ      38%        N/A       9%          7
i - Blink                 Tloc           98%        N/A       1%          2

Your spell library contained the following spells:

 Spells                   Type           Power      Damage    Failure   Level
 Necrotise                Necr           100%       1d9       0%          1
 Summon Small Mammal      Summ           100%       N/A       0%          1
 Call Imp                 Summ           100%       N/A       0%          2
 Sublimation of Blood     Necr           92%        N/A       0%          2
 Apportation              Tloc           98%        N/A       1%          1
 Freeze                   Ice            92%        1d9       1%          1
 Magic Dart               Conj           100%       1d8       1%          1
 Sandblast                Erth           100%       2d20      1%          1
 Slow                     Hex            100%       N/A       1%          1
 Cigotuvi's Dreadful Rot  Necr/Pois/Air  100%       N/A       1%          2
 Ensorcelled Hibernation  Hex/Ice        92%        N/A       1%          2
 Lesser Beckoning         Tloc           98%        N/A       1%          2
 Momentum Strike          Conj/Tloc      100%       3d10      1%          2
 Passwall                 Tmut/Erth      55%        N/A       1%          2
 Searing Ray              Conj           100%       2d8       1%          2
 Wereblood                Tmut           58%        N/A       1%          2
 Call Canine Familiar     Summ           82%        N/A       1%          3
 Confusing Touch          Hex            63%        N/A       1%          3
 Dazzling Flash           Conj/Hex       100%       N/A       1%          3
 Gell's Gravitas          Tloc           49%        N/A       1%          3
 Hailstorm                Conj/Ice       52%        3d12      1%          3
 Ignite Poison            Fire/Tmut/Pois 47%        N/A       1%          3
 Mephitic Cloud           Conj/Pois/Air  43%        N/A       1%          3
 Portal Projectile        Hex/Tloc       100%       N/A       1%          3
 Spider Form              Tmut/Pois      43%        N/A       1%          3
 Summon Guardian Golem    Hex/Summ       73%        N/A       1%          3
 Teleport Other           Tloc           49%        N/A       1%          3
 Volatile Blastmotes      Fire/Tloc      100%       2d18      1%          3
 Animate Dead             Necr           92%        N/A       1%          4
 Cause Fear               Hex            31%        N/A       1%          4
 Dispel Undead            Necr           92%        3d29      1%          4
 Fulminant Prism          Conj/Hex       33%        3d15      1%          4
 Iskenderun's Mystic Bla  Conj/Tloc      60%        2d13      1%          4
 Leda's Liquefaction      Hex/Erth       34%        N/A       1%          4
 Manifold Assault         Tloc           49%        N/A       1%          4
 Petrify                  Tmut/Erth      67%        N/A       1%          4
 Sticky Flame             Conj/Fire      62%        2d8       1%          4
 Agony                    Necr           92%        N/A       1%          5
 Fireball                 Conj/Fire      31%        3d13      1%          5
 Iskenderun's Battlesphe  Conj           70%        2d12      1%          5
 Yara's Violent Unravell  Hex/Tmut       30%        3d13      1%          5
 Death Channel            Necr           46%        N/A       1%          6
 Frozen Ramparts          Ice            46%        1d7       2%          3
 Ozocubu's Armour         Ice            23%        N/A       2%          3
 Swiftness                Air            23%        N/A       2%          3
 Ice Form                 Ice/Tmut       43%        N/A       2%          4
 Blade Hands              Tmut           29%        N/A       2%          5
 Summon Hydra             Summ           41%        N/A       4%          7
 Simulacrum               Ice/Necr       33%        N/A       5%          6
 Metabolic Englaciation   Hex/Ice        23%        N/A       6%          5
 Silence                  Hex/Air        23%        N/A       6%          5
 Alistair's Intoxication  Tmut/Pois      28%        N/A       8%          5
 Freezing Cloud           Conj/Ice/Air   21%        6-21      8%          5
 Starburst                Conj/Fire      31%        6d9       9%          6
 Borgnjor's Revivificati  Necr           46%        N/A       9%          8
 Orb of Destruction       Conj           35%        9d10      19%         7
 Conjure Ball Lightning   Conj/Air       26%        3x3d7     22%         6
 Dispersal                Tloc           24%        N/A       26%         6
 Eringya's Noxious Bog    Tmut/Pois      21%        N/A       38%         6
 Necromutation            Tmut/Necr      38%        N/A       52%         8
 Death's Door             Necr           46%        N/A       75%         9
 Ozocubu's Refrigeration  Ice            11%        4d10      100%        7
 Disjunction              Tloc           24%        N/A       100%        8
 Ignition                 Fire           27%        3d9       100%        8
 Animate Armour           Summ/Erth      Unusable   N/A       N/A         4

Dungeon Overview and Level Annotations

Branches:
Dungeon (15/15) Zot: 24136  Temple (0/1) D:6            Lair (5/5) D:8 Zot: 20987
 Shoals (4/4) Lair:3 Zot: 17773   Snake (4/4) Lair:3 Zot: 17661   Slime (5/5) Lair:5 Zot: 26058
    Orc (2/2) D:9 Zot: 9629     Elf (3/3) Orc:2 Zot: 13925  Vaults (4/5) D:14 Zot: 17788
  Crypt (0/3) Vaults:3     Depths (4/4) D:15 Zot: 18305     Zot (0/5) Depths:4
  IceCv (visited)

Altars:
Ashenzari
Dithmenos
Hepliaklqana
Kikubaaqudgha
Makhleb
Nemelex Xobeh
Okawaru
Qazlal
Trog
Uskayaw
Vehumet
Wu Jian
Xom
Yredelemnul
The Shining One
Lugonu

Shops:
D:2 :   D:5 [   D:9 *   D:10 =   D:11 *!?[*   Orc:2 :(*[   Elf:3 ?[[
Shoals:1 ==:*(   Snake:1 ([*!   Vaults:1 (   Depths:3 :

Portals:
Hell: Depths:1 Depths:2 Depths:3 Depths:4
Abyss: Lair:5 Depths:3 Depths:4
Pandemonium: Depths:2
Ziggurat: Depths:2
Trove: D:11 (give +6 demon blade)

Annotations:
D:2 Sigmund
D:4 Eustachio
Lair:5 2 transporters, Jesminib's ghost, journeyman HOTm
Snake:3 1 runed translucent door, NateTC's ghost, adept GrFi
Snake:4 2 transporters, Nohucul's ghost, adept MiBe
Slime:5 Royal Jelly
Elf:2 3 runed translucent doors


Innate Abilities, Weirdness & Mutations

Your life essence is reduced to manifest your ancestor. (-10% HP)
You cannot wear most types of armour.
You are amphibious.
You can wear up to eight rings at the same time.
Your skin changes colour to match your surroundings (Stealth+).
Your rubbery body absorbs attacks. (AC +1, EV +1)
((You are camouflaged when in or above water. (Stealth+)))
You have tentacles for arms and can constrict up to eight enemies at once.


Message History

There is a stone staircase leading up, spattered with blood here.
You block the quicksilver ooze's attack.
The quicksilver ooze misses you. The quicksilver ooze hits you!
The quicksilver ooze misses you. The azure jelly misses you.
The azure jelly hits you. The azure jelly freezes you. You resist.
The azure jelly hits you but does no damage. x2
The azure jelly hits you. The azure jelly freezes you. You resist.
The azure jelly hits you. The azure jelly freezes you. You resist.
The azure jelly hits you. The azure jelly barely misses you.
You block the slime creature's attack.
You climb upwards.
The ooze engulfing you falls away.
A slime creature comes into view.
There is a stone staircase leading down here.
Okay, then.
Casting: Haunt (dangerous; 2% risk of failure)
Confirm with . or Enter, or press ? or * to list all spells.
Okay, then.
Casting: Haunt (dangerous; 2% risk of failure)
Confirm with . or Enter, or press ? or * to list all spells.
You blink.
The azure jelly misses you. You block the azure jelly's attack.
The azure jelly hits you. The azure jelly hits you! x2
The azure jelly freezes you. You resist.
* * * LOW HITPOINT WARNING * * *
You block the azure jelly's attack. The azure jelly hits you.
* * * LOW HITPOINT WARNING * * *
The azure jelly completely misses you.
You feel yourself speed up.
You feel stable enough to blink again. The quicksilver ooze hits you!!
* * * LOW HITPOINT WARNING * * *
The quicksilver ooze hits you!
* * * LOW HITPOINT WARNING * * *
You feel your power leaking away. The azure jelly misses you.
You block the azure jelly's attack. The azure jelly hits you.
* * * LOW HITPOINT WARNING * * *
The azure jelly completely misses you. The azure jelly hits you.
* * * LOW HITPOINT WARNING * * *
The azure jelly freezes you. You resist.
You die...

# ## ###.# #.###.###...
.......#... #.........## ##
######
...........###.###.#.#.#
#..#........#...#......
#.........##.#.....# ##
##............#...##
##.##...#....@.........#
#...........JJJ.......#
##...........J........###
####.......................##
.#.........J................#
.............................#
...........#..............#.##
.........>.##.................
............................##


You could see 2 azure jellies, 2 slime creatures and a quicksilver ooze.

Vanquished Creatures
  Xtahua (Vaults:3)
  2 tentacled monstrosities
  A deep elf blademaster (Elf:3)
  Mlioglotl (Snake:1)
  2 titans
  A quicksilver dragon (Snake:4)
  A walking divine tome (Depths:2)
  A deep elf master archer (Elf:3)
  Frances (D:12)
  A sphinx (Depths:4)
  A storm dragon (Depths:4)
  Kirke (D:12)
  2 nagarajas (Snake:4)
  3 fire giants
  A draconian knight (Depths:4)
  3 deep elf sorcerers (Elf:3)
  A balrug (Depths:1)
  7 vault wardens
  A deep elf elementalist (Elf:2)
  2 frost giants
  2 quicksilver oozes
  3 very ugly things
  A draconian stormcaller (Depths:4)
  9 ironbound preservers
  A war gargoyle (Vaults:4)
  6 stone giants
  A yellow draconian (Depths:4)
  A vampire knight (Depths:2)
  3 deep elf annihilators (Elf:3)
  A red draconian (Depths:4)
  A purple draconian (Depths:4)
  A black draconian (Depths:4)
  2 white draconians (Depths:4)
  3 spark wasps
  2 deep elf death magi
  A merfolk impaler (Shoals:4)
  A merfolk javelineer (Shoals:4)
  A blizzard demon (IceCv)
  3 fire dragons
  7 yaktaur captains
  3 ettins
  3 great orbs of eyes
  2 deep elf high priests (Elf:3)
  A caustic shrike simulacrum (IceCv)
  3 ice dragons
  An ogre mage (D:14)
  A vault guard (Vaults:1)
  A catoblepas (Lair:5)
  4 anacondas
  2 merfolk avatars
  5 ironbound frosthearts
  8 centaur warriors
  A death yak (Lair:5)
  3 deep troll earth magi
  A tengu warrior (D:14)
  11 naga warriors
  8 dancing weapons
  8 hell knights (Depths:2)
  3 naga sharpshooters
  3 spriggan berserkers
  A vampire mage (D:15)
  Amaemon (D:8)
  7 deep elf knights
  2 iron trolls (Depths:2)
  4 skeletal warriors
  16 deep trolls
  A naga ritualist (Snake:2)
  3 glowing orange brains
  A sea snake (Shoals:2)
  A bog body (IceCv)
  A spriggan rider (Depths:1)
  An orc knight (Vaults:2)
  2 deep elf archers
  3 wizards
  8 deep elf pyromancers
  A tengu zombie (D:15)
  A spriggan simulacrum (IceCv)
  An orange crystal statue (Elf:1)
  6 ironbound convokers
  An obsidian statue (IceCv)
  2 lindwurms (Vaults:1)
  2 necromancers
  A harpy (Vaults:3)
  2 mana vipers
  17 deep elf zephyrmancers
  4 salamanders
  12 ugly things
  An orc sorcerer (Orc:2)
  A stone giant zombie (Vaults:2)
  3 nameless horrors
  A torpor snail (Lair:4)
  2 elephants (Lair:3)
  A guardian serpent (Snake:2)
  8 naga magi
  10 vault sentinels
  7 black mambas
  A smoke demon (Lair:5)
  A kobold demonologist (D:10)
  3 cane toads
  5 komodo dragons
  2 freezing wraiths (IceCv)
  9 yaktaurs
  A human skeleton (Vaults:2)
  2 ice devils (IceCv)
  A merfolk (Shoals:2)
  2 trolls
  A wind drake (Shoals:1)
  4 blink frogs (Lair:5)
  6 slime creatures
  2 snapping turtles
  A wraith (D:12)
  2 air elementals
  A water elemental (Depths:2)
  A ynoxinul (Lair:5)
  2 spriggans
  16 yaks
  3 wyverns
  A golden eye (shapeshifter) (Vaults:4)
  A hog (D:12)
  2 redbacks (Elf:1)
  A basilisk (Lair:1)
  A redback (shapeshifter) (Vaults:4)
  6 minotaur simulacra (IceCv)
  3 harpy simulacra (IceCv)
  2 acid dragons (D:8)
  23 nagas
  A warg (Orc:1)
  3 small abominations (Lair:5)
  A water moccasin (Lair:1)
  4 orc warriors
  An ice beast (shapeshifter) (Vaults:4)
  3 alligator simulacra (IceCv)
  A black bear (Lair:1)
  An ogre (D:4)
  A centaur (D:5)
  2 knights
  2 bullfrogs
  3 earth elementals
  2 scorpions
  7 deep troll simulacra (IceCv)
  3 wights (D:6)
  4 killer bees (D:11)
  7 electric eels
  2 howler monkeys
  A lava snake (Lair:3)
  2 hounds
  2 orc priests (Orc:2)
  Terence (D:3)
  A hell rat (Lair:5)
  3 orc wizards
  2 sleepcaps
  10 adders
  13 gnolls
  A white imp (Vaults:2)
  2 worms
  2 dart slugs (D:1)
  23 orcs
  7 ball pythons
  A bat (D:3)
  4 endoplasms
  A giant cockroach (D:4)
  6 goblins
  6 hobgoblins
  9 jackals
  7 quokkas
  4 frilled lizards
  5 kobolds
  2 rats (D:1)
561 creatures vanquished.

Vanquished Creatures (collateral kills)
  3 juggernauts
  Vashnia (Snake:3)
  A golden dragon (Depths:4)
  Nikola (Shoals:1)
  A titan (Shoals:2)
  A quicksilver dragon (Snake:4)
  8 acid blobs
  A deep elf master archer (Elf:3)
  4 sphinxes
  6 tengu reavers
  Roxanne (Snake:3)
  2 azure jellies
  A storm dragon (Depths:4)
  2 fire giants
  4 nagarajas
  2 shadow dragons
  4 rockslimes
  An iron dragon (Depths:2)
  4 deep elf sorcerers (Elf:3)
  4 frost giants
  4 vault wardens
  Aizul (Snake:1)
  6 deep elf elementalists (Elf:3)
  A caustic shrike zombie (D:15)
  8 ironbound preservers
  5 orc warlords
  4 quicksilver oozes
  3 war gargoyles
  11 very ugly things
  7 stone giants
  3 ironbound thunderhulks
  A deep elf demonologist (Elf:3)
  4 deep elf annihilators
  The ghost of holysushi the Spry, a journeyman DsMo of Jiyva (Orc:2)
  A black draconian (Depths:4)
  6 dire elephants
  4 spark wasps
  A blizzard demon (IceCv)
  3 ettins
  2 deep elf death magi (Elf:3)
  Josephine (Shoals:1)
  5 fire dragons
  2 crystal guardians (Vaults:3)
  A merfolk javelineer (Shoals:4)
  8 merfolk impalers
  The ghost of hwolsky the Cleaver, a journeyman MiFi of Okawaru (D:11)
  An entropy weaver (Vaults:2)
  4 great orbs of eyes
  5 deep elf high priests (Elf:3)
  Fannar (D:12)
  A rakshasa (Depths:1)
  6 yaktaur captains
  3 peacekeepers
  16 centaur warriors
  A salamander tyrant (Snake:4)
  3 hydras
  2 ironbound frosthearts
  4 vault guards
  8 anacondas
  3 merfolk avatars
  An alligator snapping turtle (Shoals:3)
  4 ice dragons
  2 catoblepae
  12 dancing weapons
  Erica (D:11)
  6 two-headed ogres
  4 deep troll shamans
  A tengu warrior (D:14)
  A satyr (Shoals:3)
  2 hell hogs (Depths:1)
  10 naga sharpshooters
  3 merfolk aquamancers
  4 orc high priests
  9 naga warriors
  3 death yaks (Lair:5)
  4 spriggan berserkers
  4 deep troll earth magi
  3 thrashing horrors (Lair:5)
  A soul eater (Depths:1)
  12 deep elf knights
  4 skysharks
  6 shock serpents
  2 salamander mystics (Snake:2)
  2 iron trolls (Depths:3)
  A skeletal warrior (D:15)
  33 deep trolls
  6 sea snakes
  6 deep elf archers
  A large abomination (Lair:5)
  A flayed ghost (Depths:2)
  2 naga ritualists
  3 wizards
  A glowing orange brain (Depths:2)
  8 ironbound convokers
  14 lindwurms
  A necromancer (D:15)
  2 spriggan simulacra (IceCv)
  A shadow dragon zombie (D:15)
  9 harpies
  A sphinx zombie (D:15)
  25 deep elf zephyrmancers
  22 deep elf pyromancers
  A mana viper (shapeshifter) (D:13)
  14 mana vipers
  7 orc sorcerers
  11 orc knights
  21 salamanders
  19 ugly things
  15 manticores
  3 shining eyes
  13 cyclopes
  10 merfolk sirens
  4 elephants
  7 nameless horrors
  28 black mambas
  A water nymph (Shoals:3)
  13 naga magi
  7 vault sentinels
  A smoke demon (Lair:5)
  12 cane toads
  5 gargoyles
  2 torpor snails
  An orange demon (D:8)
  4 guardian serpents
  8 komodo dragons
  2 eyes of devastation
  Maggie (D:7)
  Psyche (D:10)
  22 yaktaurs
  2 freezing wraiths (IceCv)
  A rime drake (Lair:4)
  A queen bee (shapeshifter) (Lair:5)
  An ancient zyme (Lair:5)
  8 ice devils (IceCv)
  4 trolls
  4 wind drakes
  19 merfolk
  4 hornets
  2 wolf spider simulacra (D:15)
  12 blink frogs
  10 snapping turtles
  A centaur simulacrum (D:15)
  7 dream sheep (Shoals:3)
  54 slime creatures
  37 yaks
  A spriggan (Lair:5)
  3 air elementals
  4 wraiths
  A shadow (D:10)
  A ynoxinul (Lair:5)
  7 wyverns
  A fire elemental (Elf:3)
  14 water elementals
  5 vampire mosquitoes
  8 basilisks
  6 redbacks (Elf:1)
  3 minotaur simulacra (IceCv)
  3 golden eyes (Slime:2)
  3 chaos spawn (Lair:5)
  17 nagas
  4 wargs
  5 harpy simulacra (IceCv)
  An acid dragon (shapeshifter) (D:14)
  15 water moccasins
  31 orc warriors
  5 black bears
  3 ice beasts
  2 sky beasts (D:7)
  8 ogres
  2 centaurs
  3 human zombies (Vaults:2)
  3 kobold brigands
  9 bullfrogs
  7 small abominations (Lair:5)
  An earth elemental (Elf:1)
  2 deep troll simulacra (IceCv)
  A wight (D:6)
  10 killer bees
  2 howler monkeys (D:11)
  3 electric eels
  2 lava snakes (Lair:3)
  A gnoll bouda (D:7)
  16 orc priests
  2 hounds
  3 jellies
  20 orc wizards
  5 hell rats (Lair:5)
  An adder (D:4)
  13 gnolls
  A shadow imp (D:6)
  2 white imps (D:6)
  59 orcs
  2 jackals (D:5)
  4 kobolds
  A butterfly (Lair:1)
1168 creatures vanquished.

Vanquished Creatures (others)
  A storm dragon (Depths:4)
  A yaktaur captain (Vaults:1)
  A centaur warrior (Vaults:1)
  A naga sharpshooter (Snake:3)
  A deep elf knight (Elf:1)
  2 deep elf archers
  2 yaktaurs (Vaults:3)
  2 water elementals (Depths:1)
  2 humans (D:12)
  A water moccasin (Lair:5)
  2 orc wizards
  42 knights
  2 ancestors (D:6)
  68 fungi
  112 plants
  2 starspawn tentacles (Snake:1)
  7 withered plants
249 creatures vanquished.

Grand Total: 1978 creatures vanquished

Notes
Turn   | Place    | Note
-------+----------+-------------------------------------------
     0 | D:1      | Zeldest the Octopode Hexslinger began the quest for the
                  | Orb.
     0 | D:1      | Reached XP level 1. HP: 13/13 MP: 2/2
   260 | D:1      | Reached XP level 2. HP: 18/18 MP: 1/3
   688 | D:1      | Reached XP level 3. HP: 24/24 MP: 4/4
  1059 | D:2      | Found Bitiphu's Vocational Training.
  1256 | D:2      | Reached XP level 4. HP: 30/30 MP: 2/6
  1327 | D:2      | Reached skill level 1 in Stealth
  1329 | D:2      | Noticed Sigmund
  1675 | D:1      | Reached XP level 5. HP: 22/35 MP: 8/8
  2759 | D:3      | Reached XP level 6. HP: 42/42 MP: 7/9
  2870 | D:3      | Noticed Terence
  2950 | D:3      | Found a glowing golden altar of the Shining One.
  3032 | D:3      | Found a stormy altar of Qazlal.
  3093 | D:3      | Found a broken altar of Ashenzari.
  3510 | D:3      | Killed Terence
  3978 | D:4      | Reached skill level 5 in Stealth
  4021 | D:4      | Found a hazy altar of Hepliaklqana.
  4057 | D:4      | Found a burning altar of Makhleb.
  4119 | D:4      | Noticed Eustachio
  4170 | D:4      | Became a worshipper of Hepliaklqana the Forgotten
  4389 | D:4      | Found a sparkling altar of Nemelex Xobeh.
  4428 | D:4      | Reached XP level 7. HP: 38/46 MP: 11/11
  4460 | D:4      | Reached skill level 1 in Invocations
  5081 | D:5      | Entered Level 5 of the Dungeon
  5141 | D:5      | Found Iblokk's Armour Shoppe.
  5320 | D:5      | Reached * piety under Hepliaklqana
  5846 | D:5      | Reached skill level 3 in Ranged Weapons
  5903 | D:6      | You fall into a shaft and drop 1 floor!
  6082 | D:6      | Reached skill level 1 in Summonings
  6091 | D:6      | Learned a level 3 spell: Call Canine Familiar
  6131 | D:6      | Reached XP level 8. HP: 39/46 MP: 9/12
  6136 | D:6      | Found a shimmering altar of Xom.
  6173 | D:6      | Reached skill level 4 in Ranged Weapons
  6421 | D:6      | Found a staircase to the Ecumenical Temple.
  6465 | D:6      | Reached skill level 5 in Ranged Weapons
  6692 | D:5      | Found a bloodstained altar of Trog.
  6853 | D:5      | Reached ** piety under Hepliaklqana
  6854 | D:5      | Remembered your ancestor Dejan as a knight
  6989 | D:6      | Reached XP level 9. HP: 52/52 MP: 13/13
  7464 | D:6      | Reached skill level 5 in Summonings
  7540 | D:7      | Noticed Maggie
  7561 | D:7      | Killed Maggie
  7562 | D:7      | Reached skill level 6 in Ranged Weapons
  7774 | D:7      | Reached skill level 5 in Fighting
  7774 | D:7      | Reached skill level 1 in Evocations
  7807 | D:7      | Reached skill level 5 in Invocations
  7855 | D:7      | Learned a level 3 spell: Portal Projectile
  8185 | D:8      | Found a radiant altar of Vehumet.
  8272 | D:8      | Reached skill level 1 in Translocations
  8471 | D:8      | Reached skill level 7 in Ranged Weapons
  8625 | D:8      | Noticed an orange demon
  8692 | D:8      | Reached XP level 10. HP: 59/59 MP: 0/14
  8696 | D:8      | Noticed Amaemon
  8837 | D:8      | Killed Amaemon
  8846 | D:8      | Killed an orange demon
  9236 | D:8      | Reached skill level 8 in Ranged Weapons
  9236 | D:8      | Reached skill level 5 in Evocations
  9592 | D:8      | Reached skill level 1 in Fire Magic
  9599 | D:8      | Found a staircase to the Lair.
  9807 | D:9      | Found a staircase to the Orcish Mines.
 10188 | D:9      | Reached XP level 11. HP: 65/65 MP: 12/15
 10207 | D:9      | Reached skill level 9 in Ranged Weapons
 10245 | D:9      | Found a hide-covered altar of Uskayaw.
 10471 | D:9      | Noticed a two-headed ogre
 10494 | D:9      | Killed a two-headed ogre
 10836 | D:9      | Found Hoopradd's Assorted Antiques.
 10846 | D:9      | Bought a pitted steel amulet for 115 gold pieces
 10846 | D:9      | Identified the amulet of Letatop {Spirit Drain Will+++
                  | Dex+2 Stlth+} (You bought it in a shop on level 9 of the
                  | Dungeon)
 10874 | D:10     | Entered Level 10 of the Dungeon
 10879 | D:10     | Noticed Psyche
 10885 | D:10     | Killed Psyche
 10919 | D:10     | Found Etuuxaeg's Jewellery Shoppe.
 10922 | D:10     | Bought a ring of see invisible for 225 gold pieces
 11054 | D:10     | Reached *** piety under Hepliaklqana
 11191 | D:10     | Noticed a cyclops
 11210 | D:10     | Killed a cyclops
 11257 | D:10     | Found a shadowy altar of Dithmenos.
 11258 | D:10     | Found an ornate altar of the Wu Jian Council.
 12277 | Lair:1   | Entered Level 1 of the Lair of Beasts
 12377 | Lair:1   | Reached skill level 5 in Fire Magic
 12627 | Lair:1   | Reached skill level 10 in Ranged Weapons
 12640 | Lair:1   | Reached skill level 5 in Spellcasting
 12789 | Lair:1   | Reached **** piety under Hepliaklqana
 13109 | Lair:1   | Reached XP level 12. HP: 75/75 MP: 11/19
 13458 | Lair:1   | Identified a scroll of acquirement
 13458 | Lair:1   | Acquired Yppoaza's Thoughts on Dark Jinxing
 13466 | Lair:1   | Learned a level 5 spell: Summon Mana Viper
 13501 | Lair:2   | Noticed a seven-headed hydra
 13509 | Lair:2   | Killed a seven-headed hydra
 14191 | Lair:2   | Reached skill level 5 in Hexes
 14396 | Lair:2   | Reached skill level 11 in Ranged Weapons
 14860 | Lair:2   | Noticed a skyshark
 14874 | Lair:2   | Killed a skyshark
 15260 | Lair:3   | Learned a level 3 spell: Inner Flame
 15537 | Lair:3   | Reached XP level 13. HP: 82/82 MP: 15/20
 15739 | Lair:3   | Reached skill level 10 in Fighting
 16035 | Lair:3   | Found a staircase to the Snake Pit.
 16247 | Lair:3   | Found a staircase to the Shoals.
 17380 | Lair:4   | Reached skill level 1 in Necromancy
 17756 | Lair:4   | Reached skill level 12 in Ranged Weapons
 18209 | Lair:4   | You are sucked into a shaft and drop 1 floor!
 18209 | Lair:5   | Entered Level 5 of the Lair of Beasts
 18209 | Lair:5   | Reached ***** piety under Hepliaklqana
 18234 | Lair:5   | Found a staircase to the Slime Pits.
 18637 | Lair:5   | Found a transporter.
 18640 | Lair:5   | Noticed Jesminib's ghost (journeyman HOTm)
 18641 | Lair:5   | Found a transporter.
 18870 | Lair:5   | Reached XP level 14. HP: 90/90 MP: 10/21
 20317 | Lair:5   | Identified the +2 falchion of Demyf {freeze, *Noise rF+
                  | rN+}
 20358 | Lair:5   | Reached skill level 5 in Necromancy
 20538 | Lair:5   | Reached skill level 13 in Ranged Weapons
 20614 | Lair:5   | Found a one-way gate to the infinite horrors of the Abyss.
 20722 | Lair:5   | Found a corrupted altar of Lugonu.
 21122 | D:11     | Found Taguxtill's Assorted Antiques.
 21175 | D:11     | Found a portal to a secret trove of treasure.
 21271 | D:10     | Reached skill level 10 in Summonings
 21410 | D:11     | Found the +7 sceptre of Torment {pain, torment}
 21443 | D:11     | Noticed Erica
 21461 | D:11     | Killed Erica
 21462 | D:11     | Reached skill level 1 in Maces & Flails
 21517 | D:11     | Found Mugonla's Magic Scroll Emporium.
 21583 | D:11     | Noticed hwolsky's ghost (journeyman MiFi)
 21585 | D:11     | Found a runed translucent door.
 21596 | D:11     | Found Uloora's Antique Armour Shoppe.
 21613 | D:11     | Found Xeschew's Distillery.
 21626 | D:11     | Found Fukyac's Assorted Antiques.
 22708 | D:11     | Killed hwolsky's ghost
 23047 | D:12     | Noticed Kirke
 23060 | D:12     | Killed Kirke
 23061 | D:12     | Reached skill level 5 in Maces & Flails
 23847 | D:12     | Noticed Frances
 23871 | D:12     | Killed Frances
 23943 | D:12     | Noticed Fannar
 23960 | D:12     | Killed Fannar
 24291 | D:13     | Reached XP level 15. HP: 97/97 MP: 7/22
 25402 | D:14     | Found a gate to the Vaults.
 26634 | D:15     | Entered Level 15 of the Dungeon
 27175 | D:15     | Reached ****** piety under Hepliaklqana
 27534 | D:15     | Found a staircase to the Depths.
 28501 | D:15     | Learned a level 7 spell: Summon Hydra
 28715 | Orc:1    | Entered Level 1 of the Orcish Mines
 28970 | Orc:2    | Entered Level 2 of the Orcish Mines
 29430 | Orc:2    | Noticed an orc warlord
 29556 | Orc:2    | Killed an orc warlord
 29785 | Orc:2    | Found a staircase to the Elven Halls.
 30018 | Orc:2    | Found a runed translucent door.
 30018 | Orc:2    | Noticed holysushi's ghost (journeyman DsMo)
 30018 | Orc:2    | Found the +3 warlock's mirror {omnireflect}
 30044 | Orc:2    | Killed holysushi's ghost
 30323 | Orc:2    | Noticed an orc warlord
 30341 | Orc:2    | Killed an orc warlord
 30447 | Orc:2    | Reached XP level 16. HP: 55/102 MP: 16/24
 30583 | Orc:2    | Learned a level 7 spell: Haunt
 30856 | Orc:2    | Found Yneuc's General Store.
 30857 | Orc:2    | Found Gaiceacw's Book Boutique.
 30859 | Orc:2    | Found Asyemu's Antique Armour Shop.
 30859 | Orc:2    | Found Ynlegur's Antique Weapon Shop.
 30866 | Orc:2    | Bought a book of Power for 504 gold pieces
 30876 | Orc:2    | Bought an ichor-stained shortbow for 192 gold pieces
 30876 | Orc:2    | Identified the +6 shortbow of Causality {elec, Int+2} (You
                  | bought it in a shop on level 2 of the Orcish Mines)
 31134 | D:5      | Bought a +2 buckler of resistance for 539 gold pieces
 31376 | Shoals:1 | Entered Level 1 of the Shoals
 31531 | Shoals:1 | Reached skill level 1 in Conjurations
 31535 | Shoals:1 | Identified the +0 pair of gloves of Midsummer {rPois rN+
                  | Str-3}
 31604 | Shoals:1 | Found Agoluik's Jewellery Shop.
 31641 | Shoals:1 | Found Ducov's Jewellery Emporium.
 31642 | Shoals:1 | Found Rujuol's Book Shop.
 31677 | Shoals:1 | Found Angur's Assorted Antiques.
 31710 | Shoals:1 | Reached skill level 1 in Shields
 31871 | Shoals:1 | Found Ylukh's Weapon Boutique.
 31949 | Shoals:1 | Noticed Josephine
 31963 | Shoals:1 | Killed Josephine
 32232 | Shoals:1 | Noticed Nikola
 32243 | Shoals:1 | Killed Nikola
 32554 | Shoals:1 | Bought the ring "Vuj Epto" {rF+ rC+ Int+2} for 648 gold
                  | pieces
 32677 | Shoals:2 | Acquired 1139 gold pieces
 32718 | Shoals:1 | Bought the ring "Enkiozee" {rC+ Will++ MP+9} for 908 gold
                  | pieces
 33058 | Shoals:2 | Reached skill level 10 in Necromancy
 33530 | Shoals:2 | Noticed a titan
 33538 | Shoals:2 | Killed a titan
 33538 | Shoals:2 | HP: 1/102 [cyclops/large rock (38)]
 33879 | Shoals:2 | Identified the +4 flail "Zuibboxao" {antimagic, rPois
                  | Will+++ Str-5 Int+3}
 34341 | Shoals:3 | Reached skill level 1 in Earth Magic
 35259 | Shoals:3 | Reached skill level 5 in Shields
 35555 | Shoals:4 | Entered Level 4 of the Shoals
 35711 | Shoals:4 | Reached XP level 17. HP: 107/107 MP: 28/28
 35720 | Shoals:4 | Learned a level 5 spell: Borgnjor's Vile Clutch
 35988 | Shoals:4 | Identified the +1 pair of gloves "Poisop" {rC+ Dex+4}
 36102 | Shoals:4 | Identified the +5 rapier "Poof" {freeze, Dex+2}
 36536 | Shoals:4 | Identified the +1 long sword of Prudence {venom, Drain
                  | rPois rC+ Str+4}
 36766 | Shoals:4 | Reached skill level 5 in Earth Magic
 36887 | Shoals:4 | Got a barnacled rune of Zot
 37548 | Shoals:1 | Bought a ring of poison resistance for 300 gold pieces
 37595 | Snake:1  | Entered Level 1 of the Snake Pit
 37596 | Snake:1  | Found Geroigis's Antique Armour Shop.
 37614 | Snake:1  | Noticed Mlioglotl
 37619 | Snake:1  | Noticed a tentacled starspawn
 37623 | Snake:1  | Killed Mlioglotl
 37789 | Snake:1  | Noticed Aizul
 37801 | Snake:1  | Killed Aizul
 37918 | Snake:1  | Found Zarghyomu's Weapon Shop.
 37964 | Snake:1  | Found Ysom's Distillery.
 37991 | Snake:1  | Identified the +1 mace of Invincibility {pain, Str+6}
 38318 | Snake:1  | Found Ceigaoff's Assorted Antiques.
 39037 | Snake:2  | Found a frozen archway.
 39057 | IceCv    | Entered an ice cave
 39429 | IceCv    | Reached skill level 1 in Transmutations
 40180 | IceCv    | Reached XP level 18. HP: 98/112 MP: 22/30
 40485 | IceCv    | Got the Parchment of Glaciation
 40495 | IceCv    | Identified the +1 scale mail of Broken Taboos {rF- rC+ rN+
                  | Str+5}
 41948 | Snake:3  | Noticed Vashnia
 41960 | Snake:3  | Killed Vashnia
 42489 | Snake:3  | Found a runed translucent door.
 42489 | Snake:3  | Found a shimmering altar of Xom.
 42489 | Snake:3  | Noticed NateTC's ghost (adept GrFi)
 42610 | Snake:3  | Reached skill level 5 in Transmutations
 42701 | Snake:3  | Identified Roxanne's Discourse on Mud
 42701 | Snake:3  | Noticed Roxanne
 42756 | Snake:3  | Killed Roxanne
 43132 | Snake:3  | Found a shadowy altar of Dithmenos.
 43270 | Snake:4  | Entered Level 4 of the Snake Pit
 43676 | Snake:4  | Found a transporter.
 43680 | Snake:4  | Noticed Nohucul's ghost (adept MiBe)
 43944 | Snake:4  | Learned a level 6 spell: Statue Form
 43977 | Snake:4  | Reached skill level 10 in Spellcasting
 43978 | Snake:4  | Reached skill level 10 in Earth Magic
 44333 | Snake:4  | Reached XP level 19. HP: 117/117 MP: 33/33
 44393 | Snake:4  | Found a transporter.
 44428 | Snake:4  | Learned a level 8 spell: Infestation
 45010 | Snake:4  | Got a serpentine rune of Zot
 45370 | Shoals:1 | Bought the ring of Wegoicom {rElec rC+ AC+4 Str+3 Stlth-}
                  | for 928 gold pieces
 45591 | Elf:1    | Entered Level 1 of the Elven Halls
 45596 | Elf:1    | Paralysed by an air elemental for 1 turns
 45599 | Elf:1    | Paralysed by an air elemental for 1 turns
 45628 | Elf:1    | Paralysed by an air elemental for 1 turns
 46290 | Elf:1    | Reached skill level 15 in Necromancy
 46671 | Elf:2    | Reached skill level 10 in Invocations
 47138 | Elf:2    | Reached XP level 20. HP: 90/122 MP: 36/36
 47238 | Elf:2    | Found a runed translucent gate.
 47238 | Elf:2    | Found a runed translucent gate.
 47240 | Elf:2    | Found a runed translucent gate.
 47601 | Elf:3    | Entered Level 3 of the Elven Halls
 47671 | Elf:3    | Found Osoitin's Magic Scroll Shoppe.
 47673 | Elf:3    | Found Ninefer's Antique Armour Emporium.
 47676 | Elf:3    | Found Gopesic's Armour Shoppe.
 47679 | Elf:3    | Bought a scroll of blinking for 105 gold pieces
 47941 | Elf:3    | Identified the amulet of Vomefuf {RegenMP rF+}
 48067 | Elf:3    | Identified the +1 glaive "Vebaen" {freeze, Fly SInv}
 48324 | Elf:3    | Identified the ring "Qimom" {rPois rC+ SInv}
 48330 | Elf:3    | Identified the ring of Qusigar {+Blink rC+ rCorr Str-4
                  | Dex+6}
 48353 | Elf:3    | Identified the +9 ice dragon scales "Hatrox" {rF- rC++
                  | Will+ Regen+}
 48359 | Elf:3    | Identified the staff of poison "Pead" {rPois rC+ Str+3
                  | Dex+3}
 48418 | Elf:3    | Identified the ring of Xom's Delight {rF+ Will+++ rCorr}
 48429 | Elf:3    | Got Sif Muna's Folio of Vicissitude
 48440 | Elf:3    | Identified the ring of the Ageless Stars {Drain rPois rF+
                  | rC+ Int+6 Dex+3}
 48461 | Elf:3    | Identified the staff of conjuration "Resitir" {Str+2}
 48464 | Elf:3    | Identified the +9 halberd "Cupnu" {flame, rPois rN+ Str-3}
 49535 | Vaults:1 | Entered Level 1 of the Vaults
 49559 | Vaults:1 | Reached skill level 14 in Ranged Weapons
 49837 | Vaults:1 | Reached XP level 21. HP: 127/127 MP: 34/38
 50183 | Vaults:1 | Reached skill level 15 in Ranged Weapons
 50376 | Vaults:1 | Found Eteotz's Antique Weapon Boutique.
 50775 | Vaults:2 | Learned a level 6 spell: Iron Shot
 51285 | Vaults:2 | Reached skill level 15 in Invocations
 51288 | Vaults:2 | Identified the staff of cold "Yrchoaple" {Fragile rC+ rN+
                  | Will+ Dex+2}
 51937 | Vaults:2 | Learned a level 7 spell: Spellforged Servitor
 51938 | Vaults:3 | Noticed Xtahua
 51944 | Vaults:3 | Killed Xtahua
 51976 | Vaults:3 | Found a staircase to the Crypt.
 51976 | Vaults:3 | Found a basalt altar of Yredelemnul.
 51977 | Vaults:3 | Found an ancient bone altar of Kikubaaqudgha.
 52256 | Vaults:3 | Reached skill level 5 in Conjurations
 52317 | Vaults:3 | Reached XP level 22. HP: 135/135 MP: 26/39
 52491 | Vaults:3 | Reached skill level 16 in Ranged Weapons
 52926 | Vaults:3 | Learned a level 2 spell: Blink
 53394 | Vaults:4 | Found the +5 glaive of the Guard {elec, spectral, AC+5}
 54498 | Depths:1 | Entered Level 1 of the Depths
 54857 | Depths:1 | Reached skill level 10 in Maces & Flails
 55232 | Depths:1 | Found a gateway to Hell.
 55373 | Depths:2 | Found a one-way gateway to a ziggurat.
 55373 | Depths:2 | Found a one-way gate leading to the halls of Pandemonium.
 55469 | Depths:2 | Acquired 528 gold pieces
 56053 | Depths:2 | Reached XP level 23. HP: 144/144 MP: 35/41
 56060 | Depths:2 | Reached skill level 17 in Ranged Weapons
 56106 | Depths:2 | Noticed a juggernaut
 56112 | Depths:2 | Killed a juggernaut
 57231 | Depths:3 | Found Ninlen's Book Shoppe.
 57845 | Depths:3 | You fall into a shaft and drop 1 floor!
 57845 | Depths:4 | Entered Level 4 of the Depths
 57900 | Depths:4 | Noticed a golden dragon
 57908 | Depths:4 | Killed a golden dragon
 58085 | Depths:4 | Found an iron altar of Okawaru.
 58118 | Depths:4 | Noticed a juggernaut
 58128 | Depths:4 | Killed a juggernaut
 58138 | Depths:4 | Noticed a juggernaut
 58145 | Depths:4 | Killed a juggernaut
 58146 | Depths:4 | Reached skill level 15 in Fighting
 58244 | Depths:4 | Found a gate to the Realm of Zot.
 58482 | Depths:4 | Reached skill level 18 in Ranged Weapons
 60016 | Slime:1  | Entered Level 1 of the Pits of Slime
 60031 | Slime:1  | Reached XP level 24. HP: 124/153 MP: 21/41
 60226 | Slime:2  | Reached skill level 5 in Dodging
 60470 | Slime:5  | Entered Level 5 of the Pits of Slime
 60558 | Slime:5  | Noticed the Royal Jelly
 61403 | Slime:1  | HP: 5/153 [azure jelly (6)]
 61403 | Slime:1  | Slain by an azure jelly

Illustrated notes

Levels and vault maps discovered:
D:1:      lemuel_arrival_rhombus, layout_basic, minmay_3d_cube
D:2:      layout_rooms, nicolae_shop_vocational, uniq_sigmund
D:3:      layout_basic, mainiacjoe_overflow_paths, grunt_qazlal_sundering,
          tso_metal_star, minivault_5, kennysheep_doodads,
          corexii_hall_statues_s, uniq_terence
D:4:      layout_basic, mainiacjoe_overflow_surrounded_room,
          mainiacjoe_overflow_brackets, mainiacjoe_overflow_six_doors_small,
          item_on_display_a, uniq_eustachio
D:5:      layout_gridville, mainiacjoe_overflow_alcove_1, serial_shops, shop,
          serial_park_tiny_1, hangedman_decor_peaks_small
D:6:      layout_gridville, lemuel_tele_altar, minmay_temple_entry_tees
D:7:      layout_rooms, uniq_maggie
D:8:      layout_loops_ring, vehumet_crystals, erik_lair_dragon, uniq_amaemon
D:9:      layout_loops_ring, lemuel_crystal_altar, orc_0_dummy, serial_shops,
          nicolae_lakefront_shop
D:10:     layout_grid_maze, grunt_temple_overflow_open, serial_shops,
          nicolae_shop_pleasant_corner_grove, uniq_psyche
D:11:     layout_basic, enter_trove_2, serial_shops, shop,
          nicolae_shop_just_a_little_nook, nicolae_shop_statue_plus,
          shop_scrolls, nicolae_shop_tiny_statue_garden,
          hellmonk_ghost_happy_afterlife, uniq_erica
D:12:     layout_cave_pods, uniq_kirke, uniq_fannar, uniq_frances
D:13:     layout_cave_pools
D:14:     layout_loops_corners, david_vaults_2, nicolae_lava_and_water
D:15:     gammafunk_depths_entry_grave, layout_basic,
          hangedman_abyss_or_decor_stabs
Lair:1:   layout_gridlike, st_stairs_12, beast_lair_carwin_4,
          lemuel_fruit_fields, serial_bayou_shore_a
Lair:2:   cheibrodos_lair_overgrown_chateau, layout_big_grid,
          serial_bayou_pond_d, lemuel_fruit_tree
Lair:3:   layout_cave_pods, minmay_shoals_entry_hut,
          nicolae_snake_entry_warm_welcome
Lair:4:   layout_long_grid, lookout_lair_type, pdpol_lair_cavern_descent
Lair:5:   hellmonk_lair_end_abyssal_woods, layout_regular_city,
          minmay_slime_entry_pillars, gammafunk_ghost_arena,
          minmay_shattered_shrine
Shoals:1: layout_shoals, serial_shops, nicolae_shop_statue_plus, shop, shop,
          shop, shop, uniq_nikola, uniq_josephine
Shoals:2: layout_shoals, st_sunken_temple
Shoals:3: layout_shoals
Shoals:4: shoals_end_grunt_ice, layout_shoals,
          nicolae_shoals_arrival_archipelago
Snake:1:  layout_grid_maze, serial_shops, nicolae_shop_back_alley_shop,
          nicolae_shop_pleasant_corner_grove, nicolae_shop_tiny_glass, shop,
          nicolae_snake_salamander_jacuzzi, uniq_mlioglotl, uniq_aizul
Snake:2:  nicolae_cobra_stairs, layout_layer_cave,
          portal_ice_cave_entry_pillars_1, grunt_megastairs_5
Snake:3:  layout_rooms, ebering_ghost_xom, basic_altar, uniq_roxanne,
          uniq_vashnia
Snake:4:  hellmonk_snake_rune_quicksilver_temple, layout_chambers,
          gammafunk_ghost_berserking_beasts, nicolae_snake_mages_go_home
Slime:1:  layout_caves
Slime:2:  layout_caves
Slime:3:  layout_caves
Slime:4:  layout_caves
Slime:5
Orc:1:    layout_caves
Orc:2:    st_orc_congregation, layout_caves, basic_altar, gammafunk_ghost_grave,
          minmay_orc_temple_a
Elf:1:    eino_elf_arrival_the_gate, layout_rooms, minmay_elf_crystal_hexagon,
          minivault_16, drop_trap, billiards_dpeg
Elf:2:    nicolae_elf_blades_splatter_lattice [nicolae_blade_lattice],
          layout_loops_cross, hangedman_elven_crosses_minicolossus
Elf:3:    minmay_elf_hall_x, layout_geoelf_castle, lemuel_flamethrower_2,
          minmay_shop_star
Vaults:1: v_pattern_4, nicolae_vaults_little_squares_4, v_misc_9,
          grunt_vaults_hallway_short, grunt_vaults_hallway_long,
          vaults_room_door_hall, dpeg_vaults_monster_box,
          ontoclasm_vaults_shout, v_misc_24, hangedman_vaults_trim,
          vaults_room_grunt_arrival_ludios, layout_vaults_omnicross,
          serial_shops, nicolae_shop_statue_plus
Vaults:2: nicolae_vaults_angled_halls, hangedman_vaults_cutoff,
          vaults_room_boxed, dpeg_vaults_monster_row, serial_ice_m,
          ontoclasm_vaults_ligature, ontoclasm_vaults_eye, vaults_room_grid,
          vaults_mumra_minichess_inversion, grunt_vaults_trifunnel,
          layout_vaults_ring
Vaults:3: v_misc_12, minmay_crypt_entry_necro_gods, grunt_vaults_bifocal,
          hangedman_vaults_snaps, nicolae_vaults_ninety_degrees, v_misc_27,
          vaults_mumra_hex, hangedman_vaults_maws, vaults_dpeg_hooks,
          nicolae_vaults_little_squares_1, nicolae_vaults_little_squares_3,
          grunt_vaults_diagonal, layout_vaults_omnibox, uniq_xtahua
Vaults:4: minmay_guarded_unrand_guard_vaults, v_misc_22, vaults_room_fours,
          hangedman_vaults_stretched_pinwheel, layout_vaults_omnigrid
Depths:1: layout_basic, hellmouth_1, minmay_misc_feat_iff, lemuel_freeze_loot_1
Depths:2: cell_vault, layout_gridlike, enter_ziggurat_e, pan_entry,
          grunt_hell_entry_dis_grunt
Depths:3: kennysheep_blocky_hall, layout_cave_shapes, abyss_entry, hell_entry,
          serial_shops, nicolae_book_shop_shelving, uniq_jory
Depths:4: grunt_crosshair, layout_basic, pf_hell_entry_great_geh,
          serial_sigils_hangedman_quiver, abyss_entry,
          chequers_serial_rivers_micro_d, okawaru_trees_2, serial_bayou_shore_b

Skill      XL: |  1  2  3  4  5  6  7  8  9 10 11 12 13 14 15 16 17 18 19 20 21 22 23 24 |
---------------+-------------------------------------------------------------------------+-----
Fighting       | 2 3 5 6 8 9 11 12 14 15 | 15.8
Dodging        | 3 4 7 |  7.4
Stealth        | 1 3 5 |  5.0
Spellcasting   | 2 3 5 7 8 10 12 13 14 | 14.0
Invocations    | 2 3 5 6 10 13 15 | 15.0
Ranged Weapons | 3 5 7 8 10 11 12 13 14 15 16 18 | 18.0
Hexes          | 4 6 7 |  7.2
Summonings     | 2 4 5 7 9 10 12 | 12.8
Evocations     | 3 5 |  5.0
Translocations | 2 4 |  4.0
Fire Magic     | 3 5 |  5.0
Necromancy     | 3 6 9 11 13 14 15 16 | 16.1
Maces & Flails | 5 8 9 10 12 | 12.9
Conjurations   | 1 5 8 9 |  9.1
Shields        | 5 |  5.0
Earth Magic    | 3 8 10 | 10.3
Transmutations | 2 5 6 |  6.0

Action                     |  1- 3 |  4- 6 |  7- 9 | 10-12 | 13-15 | 16-18 | 19-21 | 22-24 || total
---------------------------+-------+-------+-------+-------+-------+-------+-------+-------++-------
  Melee: Dagger            |     1 |    71 |    56 |     5 |       |       |       |       ||   133
         Tentacles         |       |    25 |    12 |     1 |       |    15 |    36 |    72 ||   161
         Constrict         |       |    16 |    13 |       |       |     8 |    10 |    18 ||    65
         Punch             |       |     1 |     2 |       |       |     1 |     2 |     3 ||     9
         Eveningstar       |       |       |       |       |       |    42 |    78 |   175 ||   295
   Fire: Sling             |    68 |   144 |   238 |   328 |    15 |       |       |       ||   793
         Shortbow          |       |       |       |       |   300 |    30 |       |       ||   330
         Hand crossbow     |       |       |       |       |       |    35 |    52 |       ||    87
  Throw: Dart              |       |    20 |     9 |       |       |       |       |       ||    29
   Cast: Slow              |    10 |    29 |    13 |       |     1 |       |       |       ||    53
         Call Canine Famil |       |       |    27 |    61 |   111 |    45 |     1 |       ||   245
         Portal Projectile |       |       |     2 |     5 |     1 |       |       |       ||     8
         Summon Mana Viper |       |       |       |    25 |   139 |    56 |     4 |       ||   224
         Inner Flame       |       |       |       |     2 |    35 |    10 |       |     3 ||    50
         Summon Hydra      |       |       |       |       |    27 |   191 |       |       ||   218
         Haunt             |       |       |       |       |       |    26 |    12 |    50 ||    88
         Borgnjor's Vile C |       |       |       |       |       |   113 |   137 |    98 ||   348
         Statue Form       |       |       |       |       |       |     1 |    36 |    53 ||    90
         Infestation       |       |       |       |       |       |       |    62 |    55 ||   117
         Spellforged Servi |       |       |       |       |       |       |     1 |     6 ||     7
         Iron Shot         |       |       |       |       |       |       |       |     4 ||     4
         Blink             |       |       |       |       |       |       |       |     1 ||     1
 Invoke: Recall Ancestor   |       |       |     7 |     8 |    40 |     9 |     4 |     3 ||    71
         Ancestor Life: Kn |       |       |     1 |       |       |       |       |       ||     1
         Idealise          |       |       |       |       |     4 |     1 |       |     1 ||     6
Ability: End Transformatio |       |       |       |       |       |       |       |     2 ||     2
  Evoke: Wand              |       |       |     6 |     6 |     9 |     8 |     1 |     1 ||    31
         Condenser vane    |       |       |       |       |     1 |     1 |     1 |     1 ||     4
         Lightning rod     |       |       |       |       |       |     4 |       |       ||     4
    Use: Scroll            |     5 |     3 |     5 |    13 |    11 |    14 |     6 |     3 ||    60
         Potion            |     1 |       |     1 |       |     2 |     5 |     4 |     3 ||    16
   Stab: Sleeping          |       |     7 |     2 |       |       |     1 |     1 |       ||    11
         Distracted        |       |       |       |       |       |     1 |     6 |     8 ||    15
 Armour: Skin              |     4 |     4 |     4 |     3 |    14 |     6 |   142 |   170 ||   347
  Dodge: Dodged            |    14 |   124 |    78 |    30 |   143 |   132 |   152 |   156 ||   829
  Block: Buckler           |       |       |       |       |       |    49 |   131 |   135 ||   315
         Reflection        |       |       |       |       |       |       |    23 |    24 ||    47

Table legend: (Time is in decaauts)
 A = Elapsed time spent in this place.
 B = Non-inter-level travel time spent in this place.
 C = Inter-level travel time spent in this place.
 D = Time resting spent in this place.
 E = Time spent auto-exploring this place.
 F = Levels seen in this place.
 G = Mean time per level.
                   A        B        C        D        E       F      G
               +--------+--------+--------+--------+--------+-----+--------+
         Total |  63705 |  59433 |   4272 |  18933 |  24129 |  47 | 1355.4 |
       Dungeon |  20843 |  19001 |   1842 |   4621 |   9174 |  15 | 1389.5 |
          Lair |   9012 |   8421 |    591 |   3341 |   3070 |   5 | 1802.4 |
        Shoals |   6226 |   5968 |    258 |   2420 |   2064 |   4 | 1556.5 |
     Snake Pit |   6338 |   6035 |    303 |   2323 |   2127 |   4 | 1584.5 |
    Slime Pits |   1475 |   1455 |     20 |    669 |    173 |   5 |  295.0 |
  Orcish Mines |   2370 |   2167 |    203 |   1025 |    481 |   2 | 1185.0 |
   Elven Halls |   4074 |   3894 |    180 |    886 |   1734 |   3 | 1358.0 |
        Vaults |   6211 |   5510 |    701 |   1245 |   2720 |   4 | 1552.8 |
        Depths |   5694 |   5523 |    171 |   1635 |   2302 |   4 | 1423.5 |
      Ice Cave |   1457 |   1457 |      0 |    768 |    284 |   1 | 1457.0 |
               +--------+--------+--------+--------+--------+-----+--------+

Top non-repeatable levels by time:
  Lair:5: 2438 daAuts
Depths:2: 2121 daAuts
 Snake:4: 2040 daAuts
 Snake:2: 2037 daAuts
    D:15: 1948 daAuts
     D:8: 1933 daAuts
  Lair:3: 1865 daAuts
   Elf:3: 1862 daAuts
  Lair:2: 1814 daAuts
Shoals:4: 1750 daAuts
    D:12: 1742 daAuts
Vaults:1: 1694 daAuts
    D:11: 1688 daAuts
     D:3: 1678 daAuts
  Lair:4: 1669 daAuts
